AoeStats
← 落花之情

Arena

504852989Analyzed
4v4 RM · 24d ago on Sep 6, 2026· 51m 33s· 8 players
Game mode
Random Map
Map size
Large (8 player)
Population
200
Speed
Normal
Resources
Standard
Victory
Conquest
Starting age
Dark Age
Ending age
Imperial Age
RankedLock teamsTeams togetherTeam positionsShared explorationLock speedFull tech treeHidden civsTurbo modeCheats
Victory
Defeat
🇵🇹 Khmer · Portugal
1570
+14
🇩🇪 Vikings · Germany
1549
+15
🇩🇪 Hindustanis · Germany
1526
+16
🇵🇱 Celts · Poland
1497
+17
🇨🇳 Jurchens · China
1589
-17
🇨🇳 Koreans · China
1558
-17
🇺🇸 Armenians · United States
1501
-15
🇬🇧 Turks · United Kingdom
1463
-13
Kempinho
10:22 Feudal Age
14:07 Castle Age
12:20 Double-Bit Axe
12:21 Horse Collar
16:49 Wheelbarrow
21:20 Bow Saw
21:14 Heavy Plow
21:25 Loom
21:57 Gold Mining
21:57 Stone Mining
24:18 Gold Shaft Mining
24:19 Stone Shaft Mining
29:09 Imperial Age
26:55 Hand Cart
26:35 Town Watch
26:57 Scale Barding Armor
27:37 Forging
28:17 Chain Barding Armor
28:51 Husbandry
29:02 Bloodlines
30:05 Iron Casting
30:05 Ballistics
30:53 Chemistry
29:16 Heavy Camel Rider
30:32 Conscription
31:12 Plate Barding Armor
32:12 Blast Furnace
31:43 Ballistics
31:44 Imperial Camel Rider
33:05 Fletching
34:27 Bodkin Arrow
35:08 Imperial Camel Rider
35:49 Bracer
47:01 Masonry
48:40 Padded Archer Armor
49:54 Leather Archer Armor
49:43 Shatagni
49:52 Caravan
50:45 Thumb Ring
51:11 Ring Archer Armor
51:11 Fortified Wall
51:16 Grand Trunk Road
Santoryu
11:00 Feudal Age
14:05 Castle Age
12:02 Double-Bit Axe
12:33 Horse Collar
15:17 Bow Saw
20:07 Wheelbarrow
21:32 Scale Barding Armor
21:39 Bloodlines
22:20 Husbandry
24:09 Hand Cart
24:37 Chain Barding Armor
24:54 Light Cavalry
25:48 Forging
25:31 Gold Mining
25:41 Loom
26:47 Gold Shaft Mining
31:13 Imperial Age
29:40 Iron Casting
29:19 Stone Mining
29:57 Heavy Plow
30:34 Gold Shaft Mining
31:47 Stone Shaft Mining
31:25 Hussar
32:41 Plate Barding Armor
33:07 Blast Furnace
33:51 Conscription
34:43 Crop Rotation
35:24 Elite Ballista Elephant
37:15 Ballistics
37:56 Chemistry
39:50 Coinage
41:34 Double Crossbow
48:40 Banking
48:12 Caravan
51:33 Hoardings
51:05 Siege Engineers
51:11 Masonry
51:42 Fletching
SbS | Havoc
9:44 Feudal Age
13:32 Castle Age
11:42 Double-Bit Axe
12:08 Horse Collar
15:41 Bow Saw
18:39 Fletching
18:38 Loom
19:42 Fletching
20:00 Elite Skirmisher
20:39 Bodkin Arrow
21:30 Padded Archer Armor
22:38 Leather Archer Armor
27:24 Ballistics
29:11 Fortified Wall
29:42 Heavy Plow
33:23 Crossbowman
34:20 Guard Tower
35:42 Masonry
41:11 Imperial Age
38:34 Gold Mining
42:54 Chemistry
41:19 Arbalester
41:25 Capped Ram
43:01 Bogsveigar
43:22 Conscription
43:04 Bracer
43:34 Ring Archer Armor
44:01 Siege Ram
46:32 Coinage
47:18 Siege Engineers
47:44 Architecture
50:35 Banking
50:06 Caravan
AfricanNija
11:48 Feudal Age
12:39 Double-Bit Axe
16:00 Castle Age
13:55 Stone Mining
14:07 Horse Collar
17:07 Bow Saw
16:58 Heavy Plow
18:39 Gold Mining
21:39 Wheelbarrow
22:02 Scale Mail Armor
24:37 Forging
25:19 Chain Mail Armor
26:09 Iron Casting
29:59 Loom
30:00 Town Watch
32:35 Fortified Wall
35:27 Imperial Age
35:29 Gold Shaft Mining
35:42 Pikeman
37:27 Plate Mail Armor
36:22 Halberdier
38:57 Blast Furnace
38:22 Fletching
38:55 Murder Holes
39:11 Masonry
41:39 Bodkin Arrow
46:33 Arson
47:08 Town Patrol
47:28 Hand Cart
47:36 Hand Cart
48:36 Furor Celtica
48:19 Capped Ram
50:15 Siege Ram
51:17 Siege Engineers
52:15 Chemistry
52:00 Conscription
51:45 Caravan
51:56 Guilds
Fluffy Chirp
12:00 Feudal Age
12:53 Double-Bit Axe
12:53 Horse Collar
14:11 Gold Mining
16:41 Wheelbarrow
23:19 Pikeman
25:21 Scale Mail Armor
26:18 Forging
29:16 Gold Mining
32:06 Castle Age
32:30 Halberdier
33:19 Squires
34:32 Gold Shaft Mining
34:09 Bow Saw
34:38 Coinage
34:33 Man-at-Arms
35:38 Long Swordsman
36:59 Chain Mail Armor
37:25 Loom
38:16 Gold Shaft Mining
37:51 Heavy Plow
37:24 Two-Handed Swordsman
37:51 Gambesons
38:47 Champion
45:08 Imperial Age
42:55 Hand Cart
45:11 Onager
46:53 Chemistry
47:58 Plate Mail Armor
47:55 Fortified Wall
47:56 Masonry
49:28 Iron Casting
[Anvil] Suicidal Meat Shield
9:45 Feudal Age
13:25 Castle Age
13:13 Double-Bit Axe
15:13 Bow Saw
17:44 Imperial Age
22:05 Padded Archer Armor
22:10 Horse Collar
26:07 Leather Archer Armor
29:16 Scale Barding Armor
29:22 Forging
36:21 Bloodlines
38:54 Wheelbarrow
39:46 Chain Barding Armor
41:27 Hand Cart
41:53 Heavy Plow
落花之情
9:34 Feudal Age
11:34 Double-Bit Axe
13:56 Castle Age
11:54 Horse Collar
15:51 Bow Saw
22:10 Wheelbarrow
22:14 Bow Saw
22:21 Heavy Plow
23:54 Hand Cart
23:49 Gold Mining
23:50 Stone Mining
23:52 Town Watch
28:46 Imperial Age
26:03 Loom
26:49 Scale Barding Armor
27:33 Stone Shaft Mining
27:33 Gold Shaft Mining
27:41 Ballistics
27:03 Treadmill Crane
28:15 Chain Barding Armor
28:06 Forging
28:43 Husbandry
28:53 Bloodlines
28:49 Elite Steppe Lancer
30:05 Plate Barding Armor
30:48 Iron Casting
32:38 Blast Furnace
33:40 Conscription
34:09 Fletching
35:44 Bodkin Arrow
37:43 Coinage
40:34 Banking
40:22 Murder Holes
40:29 Bracer
41:28 Fortified Bastions
43:49 Chemistry
44:28 Scale Mail Armor
45:40 Squires
45:20 Pikeman
46:16 Chain Mail Armor
46:14 Halberdier
48:53 Siege Engineers
48:44 Light Cavalry
49:46 Hussar
chenst2020
12:21 Feudal Age
16:33 Castle Age
14:23 Double-Bit Axe
15:03 Stone Mining
15:26 Gold Mining
17:38 Bow Saw
17:51 Fletching
19:30 Ballistics
24:19 Wheelbarrow
24:26 Bodkin Arrow
27:58 Loom
30:02 Hand Cart
33:59 Loom
44:17 Imperial Age
41:52 Horse Collar
42:40 Thumb Ring
43:37 Scale Mail Armor
43:47 Forging
44:37 Chain Mail Armor
43:43 Pikeman
45:11 Halberdier
46:05 Squires
46:55 Plate Mail Armor
47:00 Iron Casting
46:51 Bracer
50:11 Conscription
51:00 Arrowslits
52:16 Chemistry
Connection lost

Rejoining the realm…

Still unreachable

The connection could not be restored.

Session expired

The server has moved on; the page needs a fresh start.